 Dungeon Sprint DCSS version 0.30.1-4-g462c640d31 (webtiles) character file.

Game seed: 16718094831191372359

5845 Heoruswealwe the Spry (level 10, -7/30 HPs)
             Began as a Spriggan Artificer on Aug 24, 2023.
             Was a High Priest of Sif Muna.
             Mangled by a centaur warrior (10 damage)
             ... in the Dungeon (Sprint I: "Red Sonja").
             The game lasted 00:14:42 (721 turns).

Heoruswealwe the Spry (Spriggan Artificer)           Turns: 721, Time: 00:14:43

Health: -7/30      AC:  2    Str:  3 (4)  XL:     10   Next: 51%
Magic:  23/23      EV: 23    Int: 13      God:    Sif Muna [*****.]
Gold:   166        SH:  0    Dex: 11 (12) Spells: 36/36 levels left

rFire   x . .        a - +2 rapier (vamp)
rCold   x . .        (no shield)
rNeg    + . .        c - +1 robe {rN+}
rPois   .            (helmet restricted)
rElec   .            (no cloak)
rCorr   .            (gloves unavailable)
SInv    +            (boots unavailable)
Will    +....        (no amulet)
Stlth   +++++        (no ring)
HPRegen 0.00/turn    (no ring)
MPRegen 0.18/turn

%: no teleportation, random rage (9%)
@: inhibited regen, unable to read, unable to drink, very quick
A: very small, no large weapons, unfitting armour, see invisible, speed 3,
hooves 1, berserk 2, clumsy 2, deformed body, deterioration 2, dopey 2, frail 3,
low MP 2, screaming 2, inhibited regeneration, weak 2, no potion heal 2, cold
vulnerability 1, heat vulnerability 1, subdued magic 3, inability to drink after
injury 2, inability to read after injury 2, devolution 2
a: Renounce Religion, Channel Magic, Forget Spell, Divine Exegesis


You were in the Dungeon.
You worshipped Sif Muna.
Sif Muna was extremely pleased with you.
You visited 1 branch You collected 832 gold pieces.
You spent 666 gold pieces at shops.

Inventory:

Hand Weapons
 a - a +2 vampiric rapier (weapon)
Armour
 c - a +1 robe of positive energy (worn)
Wands
 d - a wand of charming (11)
Scrolls
 b - a scroll of identify
 k - a scroll of blinking
 l - a scroll of fog
 m - a scroll of poison
 n - a scroll of amnesia
 p - a scroll of summoning
Potions
 f - 3 potions of curing
 g - a potion of heal wounds
 h - a potion of haste
 i - 2 potions of magic
 j - a potion of berserk rage


   Skills:
 - Level 0.7 Fighting
 * Level 15.0 Dodging
 + Level 12.6 Stealth
 * Level 13.5 Spellcasting
 + Level 9.7 Hexes
 + Level 11.4 Translocations
 * Level 14.7 Transmutations
 + Level 11.3 Evocations


You had 36 spell levels left.
You didn't know any spells.
Your spell library contained the following spells:

 Spells                   Type           Power      Damage    Failure   Level
 Wereblood                Tmut           24%        N/A       0%          2
 Petrify                  Tmut/Erth      14%        N/A       1%          4
 Blade Hands              Tmut           12%        N/A       1%          5
 Call Canine Familiar     Summ           4%         N/A       14%         3
 Summon Hydra             Summ           2%         N/A       100%        7


Dungeon Overview and Level Annotations

Branches:
Dungeon (1/1)

Altars:
Cheibriados
Dithmenos
Elyvilon
Fedhas
Gozag
Hepliaklqana
Kikubaaqudgha
Makhleb
Nemelex Xobeh
Okawaru
Qazlal
Ru
Sif Muna
Trog
Uskayaw
Vehumet
Wu Jian
Xom
Yredelemnul
Zin
The Shining One
Jiyva
Lugonu

Shops:
D =!:(?([


Innate Abilities, Weirdness & Mutations

You are very small and have problems with some larger weapons.
You are too small for most types of armour.
You have supernaturally acute eyesight. (SInv)
You cover ground extremely quickly. (Speed+++)
You have large cloven feet.
You have an uncontrollable temper.
You are very clumsy. (Dex -4)
Armour fits poorly on your strangely shaped body.
Your body often deteriorates upon taking damage.
You are very dopey. (Int -4)
You are extremely frail. (-30% HP)
Your magical capacity is very low. (-20% MP)
You frequently scream uncontrollably at your foes.
You do not regenerate when monsters are visible.
You are very weak. (Str -4)
Potions cannot restore your health.
You are vulnerable to cold. (rC-)
You are vulnerable to heat. (rF-)
Your spells are much easier to cast, but much less powerful.
You sometimes lose the ability to drink potions when taking damage.
You sometimes lose the ability to read scrolls when taking damage.
You have terrible hidden genetic defects.


Message History

The centaur warrior shouts!
The iceblast engulfs the centaur warrior!!
The centaur warrior is severely wounded.
The centaur warrior shouts!
The now-empty wand crumbles to dust.
The centaur warrior wields a +0 shortbow.
The centaur warrior shoots an arrow.
The arrow completely misses you.
You hit the centaur warrior.
You kick the centaur warrior, but do no damage.
The centaur warrior is severely wounded.
The centaur warrior completely misses you.
The centaur warrior kicks you.
Your body deteriorates!
You feel weakened.
The centaur warrior unwields a +0 shortbow.
The centaur warrior barely misses you.
The centaur warrior completely misses you.
The centaur warrior hits you.
You feel threatened and lose the ability to read scrolls!
You feel threatened and lose the ability to drink potions!
The centaur warrior barely misses you.
You barely miss the centaur warrior. You kick the centaur warrior.
The centaur warrior is severely wounded.
The centaur warrior hits you. The centaur warrior misses you.
The centaur warrior closely misses you. The centaur warrior kicks you.
The centaur warrior completely misses you.
The centaur warrior kicks you but does no damage.
You cannot drink potions in your current state!
You cannot read scrolls in your current state!
You hit the centaur warrior.
You feel better.
The centaur warrior is almost dead.
You can read scrolls again.
The centaur warrior hits you!
You feel threatened and lose the ability to read scrolls!
Ouch! That really hurt!
* * * LOW HITPOINT WARNING * * *
Your body deteriorates!
You feel clumsy. The centaur warrior closely misses you.
The centaur warrior barely misses you.
The centaur warrior completely misses you.
The centaur warrior hits you!
You die...

.#.)').#..'..#__#..'.).#
.'..#..').#..'..'..#.).#
.#####'#####'#__####...+
.####..#...#.####)§#####
.#__####..##(#§§§§c#
.#_____##'#_.+~§§§§+
⌠#_.∩...'..)_#§§§c§#
##_..__##_.#'##c###
#_____###'#.#.c@[###
##########)####'###(##
........'...'.....'[∩#
#''''####...##########
......####.###
.......#.#'#.#
.#.....#.....#
.......#..)(.#
....#..#######


You could see 2 centaur warriors.

Vanquished Creatures
  Sonja (D)
  A deep troll (D)
  8 shining eyes (D)
  2 kobold demonologists (D)
  A slime creature (D)
  Sigmund (D)
  A yak (D)
  5 floating eyes (D)
  An ogre (D)
  A jelly (D)
  Ijyb (D)
  A ballistomycete spore (D)
24 creatures vanquished.

Vanquished Creatures (others)
  A ballistomycete spore (D)
1 creature vanquished.

Grand Total: 25 creatures vanquished

Notes
Turn   | Place    | Note
-------+----------+-------------------------------------------
     0 | D        | Heoruswealwe the Spriggan Artificer began the quest for the
                  | Orb.
     0 | D        | Reached XP level 1. HP: 9/9 MP: 2/2
     1 | D        | Noticed Ijyb
     6 | D        | Killed Ijyb
     7 | D        | Reached skill level 4 in Dodging
     7 | D        | Reached skill level 1 in Hexes
     7 | D        | Reached XP level 2. HP: 4/14 MP: 2/6
    49 | D        | Noticed an ogre
    51 | D        | Killed an ogre
    52 | D        | Reached skill level 6 in Dodging
    52 | D        | Reached skill level 5 in Transmutations
    52 | D        | Reached skill level 5 in Evocations
    52 | D        | Reached XP level 3. HP: 17/17 MP: 7/10
    52 | D        | Reached XP level 4. HP: 21/21 MP: 7/11
    63 | D        | Noticed Sigmund
    67 | D        | Killed Sigmund
    68 | D        | Reached skill level 7 in Dodging
    68 | D        | Reached skill level 5 in Translocations
    68 | D        | Reached XP level 5. HP: 6/25 MP: 9/15
    68 | D        | Reached XP level 6. HP: 7/29 MP: 9/16
   163 | D        | Found an ornate altar of the Wu Jian Council.
   163 | D        | Found a shimmering blue altar of Sif Muna.
   168 | D        | Reached skill level 8 in Dodging
   169 | D        | Found a radiant altar of Vehumet.
   174 | D        | Became a worshipper of Sif Muna the Loreminder
   197 | D        | Found Lev Oqot's Weapon Emporium.
   197 | D        | Found an ancient bone altar of Kikubaaqudgha.
   197 | D        | Found a hazy altar of Hepliaklqana.
   197 | D        | Found a stormy altar of Qazlal.
   197 | D        | Found a hide-covered altar of Uskayaw.
   197 | D        | Found a blossoming altar of Fedhas.
   197 | D        | Found a bloodstained altar of Trog.
   197 | D        | Found an iron altar of Okawaru.
   197 | D        | Found a basalt altar of Yredelemnul.
   197 | D        | Found a glowing golden altar of the Shining One.
   197 | D        | Found a snail-covered altar of Cheibriados.
   197 | D        | Found a sacrificial altar of Ru.
   197 | D        | Found a glowing silver altar of Zin.
   197 | D        | Found a shadowy altar of Dithmenos.
   197 | D        | Found a white marble altar of Elyvilon.
   197 | D        | Noticed a yak
   204 | D        | Killed a yak
   205 | D        | Reached skill level 9 in Dodging
   205 | D        | Reached skill level 5 in Hexes
   208 | D        | Found a burning altar of Makhleb.
   208 | D        | Found a viscous altar of Jiyva.
   208 | D        | Found a shimmering altar of Xom.
   208 | D        | Found a corrupted altar of Lugonu.
   208 | D        | Noticed a slime creature
   222 | D        | Killed a slime creature
   223 | D        | Reached XP level 7. HP: 28/32 MP: 17/19
   246 | D        | Noticed a kobold demonologist
   247 | D        | Reached * piety under Sif Muna
   247 | D        | Noticed a kobold demonologist
   248 | D        | Reached skill level 10 in Dodging
   248 | D        | Killed a kobold demonologist
   248 | D        | Killed a kobold demonologist
   249 | D        | Reached skill level 11 in Dodging
   249 | D        | Reached skill level 10 in Transmutations
   249 | D        | Reached XP level 8. HP: 37/37 MP: 19/22
   267 | D        | Found an opulent altar of Gozag.
   268 | D        | Found a sparkling altar of Nemelex Xobeh.
   272 | D        | Bought a +2 vampiric rapier for 336 gold pieces
   283 | D        | Noticed Sonja
   285 | D        | Killed Sonja
   285 | D        | Reached ** piety under Sif Muna
   286 | D        | Reached skill level 12 in Dodging
   286 | D        | Reached skill level 10 in Stealth
   286 | D        | Reached skill level 10 in Spellcasting
   418 | D        | Found Diammie's Jewellery Boutique.
   438 | D        | Noticed a deep troll
   445 | D        | Killed a deep troll
   446 | D        | Reached XP level 9. HP: 40/40 MP: 23/25
   459 | D        | Found Ruererax's Armour Emporium.
   465 | D        | Bought a +1 robe of positive energy for 135 gold pieces
   503 | D        | Noticed a shining eye
   503 | D        | Noticed a shining eye
   503 | D        | Noticed a shining eye
   504 | D        | Gained mutation: You do not regenerate when monsters are
                  | visible. [a shining eye]
   505 | D        | Gained mutation: You are frail. (-10% HP) [a shining eye]
   505 | D        | Paralysed by a floating eye for 4 turns
   517 | D        | Gained mutation: You are very frail. (-20% HP) [a shining
                  | eye]
   521 | D        | Noticed a shining eye
   522 | D        | Paralysed by a floating eye for 4 turns
   522 | D        | Gained mutation: You occasionally lose the ability to drink
                  | potions when taking damage. [a shining eye]
   524 | D        | Gained mutation: You have large cloven feet. [a shining
                  | eye]
   525 | D        | Gained mutation: You occasionally shout uncontrollably at
                  | your foes. [a shining eye]
   526 | D        | Gained mutation: You are vulnerable to heat. (rF-) [a
                  | shining eye]
   528 | D        | Killed a shining eye
   528 | D        | Paralysed by a floating eye for 2 turns
   529 | D        | Reached skill level 13 in Dodging
   529 | D        | Reached skill level 10 in Evocations
   533 | D        | Reached *** piety under Sif Muna
   534 | D        | Reached skill level 10 in Translocations
   534 | D        | Paralysed by a floating eye for 3 turns
   542 | D        | Noticed a shining eye
   545 | D        | Gained mutation: Armour fits poorly on your strangely
                  | shaped body. [a shining eye]
   546 | D        | Lost mutation: You do not regenerate when monsters are
                  | visible. [a shining eye]
   552 | D        | Gained mutation: Your spells are a little easier to cast,
                  | but a little less powerful. [a shining eye]
   556 | D        | Gained mutation: You sometimes lose the ability to drink
                  | potions when taking damage. [a shining eye]
   557 | D        | Killed a shining eye
   561 | D        | Gained mutation: You are extremely frail. (-30% HP) [a
                  | shining eye]
   565 | D        | Gained mutation: Your spells are easier to cast, but less
                  | powerful. [a shining eye]
   567 | D        | Killed a shining eye
   567 | D        | Reached **** piety under Sif Muna
   571 | D        | Gained mutation: You are dopey. (Int -2) [a shining eye]
   575 | D        | Gained mutation: You are very dopey. (Int -4) [a shining
                  | eye]
   576 | D        | Gained mutation: You occasionally lose the ability to read
                  | scrolls when taking damage. [a shining eye]
   581 | D        | Gained mutation: You are weak. (Str -2) [a shining eye]
   582 | D        | Noticed a shining eye
   583 | D        | Killed a shining eye
   584 | D        | Reached skill level 14 in Dodging
   584 | D        | Reached XP level 10. HP: 30/30 MP: 27/27
   599 | D        | Gained mutation: You are very weak. (Str -4) [a shining
                  | eye]
   602 | D        | Killed a shining eye
   602 | D        | Gained mutation: You sometimes lose your temper in combat.
                  | [a shining eye]
   604 | D        | Gained mutation: Your spells are much easier to cast, but
                  | much less powerful. [a shining eye]
   611 | D        | Gained mutation: You have an uncontrollable temper. [a
                  | shining eye]
   614 | D        | Killed a shining eye
   616 | D        | Noticed a shining eye
   616 | D        | Noticed a shining eye
   620 | D        | Gained mutation: You are clumsy. (Dex -2) [a shining eye]
   621 | D        | Gained mutation: Your body sometimes deteriorates upon
                  | taking damage. [a shining eye]
   621 | D        | Gained mutation: Your body often deteriorates upon taking
                  | damage. [a shining eye]
   622 | D        | Reached ***** piety under Sif Muna
   622 | D        | Received a gift from Sif Muna
   622 | D        | Gained mutation: You do not regenerate when monsters are
                  | visible. [a shining eye]
   623 | D        | Gained mutation: Potions are less effective at restoring
                  | your health. [a shining eye]
   627 | D        | Lost mutation: You occasionally lose the ability to read
                  | scrolls when taking damage. [a shining eye]
   628 | D        | Gained mutation: You are very clumsy. (Dex -4) [a shining
                  | eye]
   628 | D        | Gained mutation: You occasionally lose the ability to read
                  | scrolls when taking damage. [a shining eye]
   635 | D        | Gained mutation: Your magical capacity is low. (-10% MP) [a
                  | shining eye]
   636 | D        | Gained mutation: You frequently scream uncontrollably at
                  | your foes. [a shining eye]
   637 | D        | Gained mutation: Your magical capacity is very low. (-20%
                  | MP) [a shining eye]
   642 | D        | Killed a shining eye
   647 | D        | Gained mutation: You sometimes lose the ability to read
                  | scrolls when taking damage. [a shining eye]
   649 | D        | Gained mutation: Potions cannot restore your health. [a
                  | shining eye]
   654 | D        | Gained mutation: You are vulnerable to cold. (rC-) [a
                  | shining eye]
   656 | D        | Gained mutation: You have hidden genetic defects. [a
                  | shining eye]
   662 | D        | Gained mutation: You have terrible hidden genetic defects.
                  | [a shining eye]
   664 | D        | Killed a shining eye
   665 | D        | Reached skill level 15 in Dodging
   665 | D        | Got Sif Muna's Handbook of Supportive Therianthropy {god
                  | gift}
   669 | D        | Found Foder's Magic Scroll Shop.
   669 | D        | Found Mell's Distillery.
   669 | D        | Found Wuirroi's Antique Weapon Boutique.
   669 | D        | Found Nutud's Book Emporium.
   685 | D        | Bought a scroll of identify for 20 gold pieces
   685 | D        | Bought a scroll of identify for 20 gold pieces
   685 | D        | Bought a scroll of identify for 20 gold pieces
   685 | D        | Bought a scroll of identify for 20 gold pieces
   685 | D        | Bought a scroll of identify for 20 gold pieces
   685 | D        | Bought a scroll of summoning for 95 gold pieces
   714 | D        | Noticed a centaur warrior
   715 | D        | Noticed a centaur warrior
   721 | D        | Mangled by a centaur warrior

Illustrated notes

Levels and vault maps discovered:
D:        dungeon_sprint_1 [red_sonja_temple_1, red_sonja_temple_small_1]

Skill      XL: |  1  2  3  4  5  6  7  8  9 10 |
---------------+-------------------------------+-----
Dodging        | 4 6 7 9 11 12 14 15 | 15.0
Stealth        | 3 4 6 7 9 10 11 12 | 12.6
Spellcasting   | 2 4 6 8 9 11 12 13 | 13.5
Hexes          | 1 3 4 5 6 7 9 |  9.7
Translocations | 2 3 5 6 8 9 10 11 | 11.4
Transmutations | 3 5 7 9 10 12 13 14 | 14.7
Evocations     | 5 6 7 8 9 10 11 | 11.3
Fighting       | |  0.7

Action                     |  1- 3 |  4- 6 |  7- 9 | 10-12 || total
---------------------------+-------+-------+-------+-------++-------
  Melee: Rapier            |       |       |    59 |    74 ||   133
         Kick              |       |       |    31 |    49 ||    80
         Punch             |       |       |       |     3 ||     3
  Evoke: Wand              |     5 |    15 |    15 |     1 ||    36
    Use: Scroll            |       |       |       |     4 ||     4
   Stab: Sleeping          |       |       |     1 |       ||     1
 Armour: Robe              |       |       |       |     1 ||     1
  Dodge: Dodged            |     1 |       |       |    11 ||    12
